 Dungeon Crawl Stone Soup version 0.31-a0-161-gb58dd9be76 (webtiles) character file.

Game seed: 3448327583447788644

536 qw the Chopper (level 7, -6/43 HPs)
             Began as a Gargoyle Fighter on June 12, 2023.
             Was an Initiate of Okawaru.
             Mangled by an ogre
             ... wielding a +0 giant club
              (8 damage)
             ... on level 4 of the Dungeon.
             The game lasted 00:01:45 (3349 turns).

qw the Chopper (Gargoyle Fighter)                   Turns: 3349, Time: 00:01:45

Health: -6/43      AC: 10    Str: 22      XL:     7   Next: 25%
Magic:  7/7        EV: 11    Int:  8      God:    Okawaru [......]
Gold:   203        SH:  9    Dex:  8 (9)  Spells: 6/6 levels left

rFire   + . .        Y - +2 war axe
rCold   + . .        c - +0 buckler
rNeg    + . .        l - +0 ring mail {rC+}
rPois   inf          (no helmet)
rElec   +            (no cloak)
rCorr   .            (no gloves)
SInv    .            (no boots)
Will    .....        f - amulet of reflection Stlth
                     a - ring of protection from fire
HPRegen 0.27/turn    (no ring)
MPRegen 0.10/turn

%: reflection
@: weakened
A: sickness immunity, AC +4, negative energy resistance 1, electricity
resistance, torment resistance 1, petrification resistance
a: Renounce Religion


You were on level 4 of the Dungeon.
You worshipped Okawaru.
Okawaru was noncommittal.
You visited 2 branches of the dungeon, and saw 5 of its levels.
You also visited: Sewer.

You collected 203 gold pieces.


Innate Abilities, Weirdness & Mutations

You are immune to sickness and miasma.
Your stone body is resilient. (AC +4)
You are immune to poison.
You resist negative energy. (rN+)
You are resistant to electric shocks. (rElec)
You are resistant to unholy torment.
You are immune to petrification.


   Skills:
 - Level 4.3 Fighting
 + Level 5.6 Axes
 - Level 3.2 Armour
 - Level 2.9 Dodging
 - Level 3.2 Shields


You had 6 spell levels left.
You didn't know any spells.
Your spell library was empty.

Inventory:

Hand Weapons
 q - a +0 mace
 Y - a +2 war axe (weapon)
Armour
 b - a +0 scale mail
 c - a +0 buckler (worn)
 l - a +0 ring mail of cold resistance (worn)
Jewellery
 a - a ring of protection from fire (left hand)
 f - an amulet of reflection (around neck)
Scrolls
 j - a scroll of vulnerability {unknown}
 m - a scroll of identify
Potions
 d - a potion of might
 e - a potion of curing
 g - a potion of mutation
 h - a potion of enlightenment {unknown}
 i - a potion of attraction {unknown}
 k - a potion of heal wounds {unknown}
 o - a potion of haste {unknown}

Dungeon Overview and Level Annotations

Branches:
Dungeon (4/15)             Temple (1/1) D:4           Sewer (visited)

Altars:
Ashenzari
Cheibriados
Dithmenos
Elyvilon
Fedhas
Gozag
Hepliaklqana
Kikubaaqudgha
Nemelex Xobeh
Okawaru
Qazlal
Ru
Sif Muna
Trog
Uskayaw
Vehumet
Wu Jian
Xom
Yredelemnul
Zin
The Shining One


Message History

Enter note:
Enter note: You barely miss the ufetubus.
You block the ufetubus's attack. x2
You closely miss the ufetubus.
The ufetubus hits you but does no damage.
The ufetubus hits you. The ufetubus closely misses you.
The ufetubus hits you but does no damage.
An ogre comes into view. It is wielding a +0 giant club.
The ufetubus misses you.
The ufetubus hits you but does no damage.
You slash the ufetubus!
You kill the ufetubus!
Okawaru accepts your kill.
A gnoll bouda comes into view. It is wielding a +0 club.
You slice the ogre!!
The ogre is severely wounded.
The ogre hits you with a +0 giant club!!
Ouch! That really hurt!
You hear a bark!
You barely miss the ogre.
The ogre is severely wounded.
The ogre misses you.
The gnoll bouda gazes fiercely through you!
You feel your attacks grow feeble.
You hit the ogre.
The ogre is severely wounded.
You closely miss the gnoll bouda.
A hound comes into view.
You block the ogre's attack. The gnoll bouda closely misses you.
You hit the ogre.
The ogre is almost dead.
You hit the gnoll bouda. The gnoll bouda barely misses you.
The ogre hits you with a +0 giant club!
The gnoll bouda hits you with a +0 club!
You hit the ogre.
The ogre is almost dead.
You hit the gnoll bouda. The ogre hits you with a +0 giant club!
You die...

#...........
#........[.
#.........#
#.........#
#........#
#........#
#.......## .
###........###....
##........#@gh.....
#
##..#....#.#O#.#....
#####...##....###. #
.. ...#..#.#######
#. .#....)...... ##
..#..#..#####
..##.##.# ...#..#.#
...#..#..


You could see an ogre, a gnoll bouda and a hound.

Vanquished Creatures
  Grinder (Sewer)
  2 kobold brigands (Sewer)
  A quasit (Sewer)
  An orc wizard (D:3)
  A river rat (D:3)
  3 shadow imps (Sewer)
  4 ufetubi
  A worm (D:2)
  2 dart slugs (D:1)
  5 orcs
  4 ball pythons
  7 bats
  5 endoplasms
  6 giant cockroaches
  4 goblins
  4 hobgoblins
  3 jackals (D:3)
  A quokka (D:2)
  4 frilled lizards
  17 kobolds
  9 rats
85 creatures vanquished.

Vanquished Creatures (others)
  2 kobold zombies (Sewer)
2 creatures vanquished.

Grand Total: 87 creatures vanquished

Notes
Turn   | Place    | Note
-------+----------+-------------------------------------------
     0 | D:1      | qw the Gargoyle Fighter began the quest for the Orb.
     0 | D:1      | Reached XP level 1. HP: 14/14 MP: 1/1
     0 | D:1      | 0 ||| qw: Version: 0.2-a-29-gc1b59c4
     0 | D:1      | 0 ||| qw: Game counter: 4261
     0 | D:1      | 0 ||| qw: Always use a shield: true
     0 | D:1      | 0 ||| qw: God list: Okawaru
     0 | D:1      | 0 ||| qw: Allow faded altars: false
     0 | D:1      | 0 ||| qw: Do Orc after D:15 true
     0 | D:1      | 0 ||| qw: Do second Lair branch before Depths: true
     0 | D:1      | 0 ||| qw: Lair rune preference: random
     0 | D:1      | 0 ||| qw: Plans: Normal, Zot:1-4, Slime:5, God:TSO, Crypt,
                  | Tomb, Abyss, Pan, Hells, Win
     0 | D:1      | 0 ||| PLANNING D:1-11
    71 | D:1      | Reached skill level 2 in Axes
   167 | D:1      | Reached XP level 2. HP: 19/19 MP: 2/2
   595 | D:1      | 595 ||| UPGRADING to amulet of reflection.
   600 | D:1      | 600 ||| READING scroll labelled INADAT MITUOME.
   601 | D:1      | 601 ||| DRINKING 2 puce potions.
   664 | D:2      | Reached skill level 3 in Axes
   664 | D:2      | 664 ||| FLEEEEING.
   665 | D:2      | 665 ||| STAIRDANCE
   720 | D:2      | Reached XP level 3. HP: 23/23 MP: 3/3
   726 | D:2      | 726 ||| Stepping ~*~*~tactically~*~*~ (stealth).
   797 | D:2      | 797 ||| Stepping ~*~*~tactically~*~*~ (hiding).
  1324 | D:2      | 1324 ||| UPGRADING to ring of protection from fire.
  1325 | D:2      | 1325 ||| READING 3 scrolls labelled COASSOUHAY.
  1326 | D:2      | 1326 ||| READING scroll labelled QATAIL YLOTSI.
  1327 | D:2      | 1327 ||| DROPPING 2 scrolls of immolation.
  1360 | D:3      | 1360 ||| PLANNING SEWER
  1421 | D:3      | 1421 ||| Stepping ~*~*~tactically~*~*~ (stealth).
  1461 | D:3      | Reached XP level 4. HP: 27/28 MP: 4/4
  1462 | D:3      | Reached skill level 4 in Axes
  1568 | D:3      | 1568 ||| Stepping ~*~*~tactically~*~*~ (hiding).
  1569 | D:3      | 1569 ||| Stepping ~*~*~tactically~*~*~ (hiding).
  1570 | D:3      | 1570 ||| Stepping ~*~*~tactically~*~*~ (hiding).
  1571 | D:3      | 1571 ||| Stepping ~*~*~tactically~*~*~ (hiding).
  1572 | D:3      | 1572 ||| Stepping ~*~*~tactically~*~*~ (hiding).
  1573 | D:3      | 1573 ||| Stepping ~*~*~tactically~*~*~ (hiding).
  1575 | D:3      | 1575 ||| Stepping ~*~*~tactically~*~*~ (hiding).
  1720 | D:3      | 1720 ||| Stepping ~*~*~tactically~*~*~ (stealth).
  1728 | D:3      | 1728 ||| Stepping ~*~*~tactically~*~*~ (stealth).
  1731 | D:3      | 1731 ||| Stepping ~*~*~tactically~*~*~ (stealth).
  1751 | D:3      | Found a glowing drain.
  1752 | D:3      | 1752 ||| Stepping ~*~*~tactically~*~*~ (water).
  1755 | D:3      | 1755 ||| READING scroll labelled VYMMEOM TISHU.
  1856 | D:3      | 1856 ||| READING scroll labelled UCUINN JYAPT.
  1857 | D:3      | 1857 ||| DRINKING 2 viscous golden potions.
  1858 | D:3      | 1858 ||| DROPPING potion of degeneration.
  1864 | Sewer    | Entered a sewer
  1874 | Sewer    | 1874 ||| Stepping ~*~*~tactically~*~*~ (hiding).
  1940 | Sewer    | Reached XP level 5. HP: 28/32 MP: 5/5
  2041 | Sewer    | Found a burning altar of Makhleb.
  2041 | Sewer    | Noticed a kobold brigand
  2042 | Sewer    | 2042 ||| Stepping ~*~*~tactically~*~*~ (hiding).
  2043 | Sewer    | 2043 ||| Stepping ~*~*~tactically~*~*~ (hiding).
  2044 | Sewer    | 2044 ||| Stepping ~*~*~tactically~*~*~ (hiding).
  2045 | Sewer    | 2045 ||| Stepping ~*~*~tactically~*~*~ (stealth).
  2046 | Sewer    | 2046 ||| Stepping ~*~*~tactically~*~*~ (hiding).
  2051 | Sewer    | 2051 ||| Stepping ~*~*~tactically~*~*~ (water).
  2060 | Sewer    | Killed a kobold brigand
  2061 | Sewer    | Reached skill level 5 in Axes
  2076 | Sewer    | 2076 ||| Stepping ~*~*~tactically~*~*~ (stealth).
  2078 | Sewer    | 2078 ||| Stepping ~*~*~tactically~*~*~ (stealth).
  2086 | Sewer    | Noticed a kobold brigand
  2109 | Sewer    | Killed a kobold brigand
  2110 | Sewer    | Reached XP level 6. HP: 22/38 MP: 6/6
  2179 | Sewer    | Noticed Grinder
  2188 | Sewer    | Paralysed by Grinder for 2 turns
  2197 | Sewer    | 2197 ||| Stepping ~*~*~tactically~*~*~ (hiding).
  2198 | Sewer    | 2198 ||| Stepping ~*~*~tactically~*~*~ (hiding).
  2199 | Sewer    | 2199 ||| Stepping ~*~*~tactically~*~*~ (hiding).
  2204 | Sewer    | Paralysed by Grinder for 3 turns
  2213 | Sewer    | Killed Grinder
  2214 | Sewer    | Reached XP level 7. HP: 37/43 MP: 7/7
  2237 | Sewer    | 2237 ||| DROPPING +0 whip.
  2267 | Sewer    | 2267 ||| READING scroll of enchant weapon.
  2267 | Sewer    | 2267 ||| ENCHANTING +1 war axe.
  2279 | Sewer    | 2279 ||| Stepping ~*~*~tactically~*~*~ (stealth).
  2353 | Sewer    | 2353 ||| UPGRADING to +0 ring mail of cold resistance.
  2363 | Sewer    | 2363 ||| DRINKING 2 fizzy cyan potions.
  2468 | Sewer    | 2468 ||| READING 2 scrolls of identify.
  2468 | Sewer    | 2468 ||| IDENTIFYING green potion
  2469 | Sewer    | 2469 ||| DROPPING potion of berserk rage.
  2505 | D:3      | 2505 ||| PLANNING D:1-11
  2720 | D:4      | 2720 ||| DROPPING +1 whip of draining.
  2721 | D:4      | 2721 ||| DROPPING +0 whip of flaming.
  2805 | D:4      | Found a staircase to the Ecumenical Temple.
  2806 | D:4      | 2806 ||| PLANNING TEMPLE
  2806 | D:4      | 2806 ||| READING scroll labelled FOGGEO KUPIDGH.
  2837 | D:4      | 2837 ||| READING 2 scrolls of identify.
  2837 | D:4      | 2837 ||| IDENTIFYING lumpy white potion
  2838 | D:4      | 2838 ||| DROPPING potion of brilliance.
  2847 | Temple   | Entered the Ecumenical Temple
  3066 | Temple   | 3066 ||| PLANNING OKAWARU WORSHIP
  3125 | Temple   | Became a worshipper of Warmaster Okawaru
  3125 | Temple   | 3125 ||| PLANNING D:1-11
  3348 | D:4      | HP: 2/43 [gnoll bouda/+0 club (9)]
  3349 | D:4      | Mangled by an ogre

Levels and vault maps discovered:
D:1:      minmay_arrival_doors, layout_loops_cross
D:2:      layout_loops_cross
D:3:      layout_rooms, portal_sewer_entry_e
D:4:      layout_cave_pods, minmay_temple_entry_poolview,
          minmay_manual_monstrance
Temple:   roderic_octagonal_lattice_temple

Skill      XL: |  1  2  3  4  5  6 |
---------------+-------------------+-----
Axes           | 2 3 4 5 |  5.6
Fighting       | 4 |  4.3
Dodging        | 2 |  2.9
Armour         | |  3.2
Shields        | |  3.2

Action                     |  1- 3 |  4- 6 |  7- 9 || total
---------------------------+-------+-------+-------++-------
  Melee: War axe           |   128 |   105 |    25 ||   258
  Throw: Boomerang         |     6 |    24 |     2 ||    32
    Use: Scroll            |     3 |     2 |     4 ||     9
         Potion            |     1 |     1 |     1 ||     3
 Armour: Scale mail        |    50 |    66 |    13 ||   129
         Ring mail         |       |       |     6 ||     6
  Dodge: Dodged            |    51 |    53 |    18 ||   122
  Block: Buckler           |    43 |    74 |    18 ||   135
         Reflection        |     1 |     5 |       ||     6

Table legend:
 A = Non-vault XP
 B = Vault XP
 C = Vault XP percentage of total XP
 D = Non-vault monster count
 E = Vault monster count
 F = Vault count percentage of total count
                 A         B        C        D         E       F
            +---------+---------+-------+---------+---------+-------
      Total |     131 |     636 |  82.9 |      49 |      36 |  42.4
            +---------+---------+-------+---------+---------+-------
        D:1 |      27 |       0 |   0.0 |      13 |       0 |   0.0
        D:2 |      38 |       0 |   0.0 |      21 |       0 |   0.0
        D:3 |      66 |      23 |  25.8 |      15 |       8 |  34.8
        D:4 |       0 |       9 | 100.0 |       0 |       2 | 100.0
      Sewer |       0 |     604 | 100.0 |       0 |      26 | 100.0
            +---------+---------+-------+---------+---------+-------
